 Dungeon Crawl Stone Soup version 0.30-a0-4-ga7cffc901d (webtiles) character file.

Game seed: 6240608044955129162

88 tkbsonic5 the Cudgeller (level 4, 0/29 HPs)
             Began as a Gargoyle Berserker on Aug 20, 2022.
             Was a Believer of Trog.
             Slain by a crimson imp (3 damage)
             ... summoned by Natasha
             ... on level 3 of the Dungeon.
             The game lasted 00:08:14 (2830 turns).

tkbsonic5 the Cudgeller (Gargoyle Berserker)        Turns: 2830, Time: 00:08:15

Health: 0/29       AC: 12    Str: 20    XL:     4   Next: 53%
Magic:  4/4        EV:  8    Int: 14    God:    Trog [**....]
Gold:   139        SH:  0    Dex: 11    Spells: 3/3 levels left

rFire   + . .      SeeInvis .    t - +0 flail
rCold   + . .      Faith    .    (no shield)
rNeg    + . .      Spirit   .    f - +0 chain mail
rPois   ∞          Reflect  .    (no helmet)
rElec   +          Harm     .    (no cloak)
rCorr   +          Rampage  .    (no gloves)
Will    .....                    (no boots)
Stlth   ..........               (no amulet)
HPRegen 0.09/turn                c - +6 ring of intelligence
MPRegen 0.09/turn                (no ring)

@: resistant, hasted and slowed
A: sickness immunity, AC +3, negative energy resistance 1, electricity
resistance, torment resistance 1, petrification resistance
a: Renounce Religion, Berserk, Trog's Hand


You were on level 3 of the Dungeon.
You worshipped Trog.
Trog was pleased with you.
You visited 1 branch of the dungeon, and saw 3 of its levels.

You collected 139 gold pieces.

Inventory:

Hand Weapons
 a - a +0 mace
 s - a +0 sling
 t - a +0 flail (weapon)
Missiles
 d - 2 atropa-tipped darts (quivered)
 n - 6 poisoned darts
 p - 47 stones
Armour
 b - a +0 animal skin
 f - a +0 chain mail (worn)
Jewellery
 c - a +6 ring of intelligence (left hand)
Wands
 l - a wand of roots (14)
Scrolls
 i - 2 scrolls of teleportation
 j - a scroll of enchant weapon {unknown}
 o - a scroll of butterflies
 v - a scroll of noise {unknown}
Potions
 g - a potion of lignification {unknown}
 h - 2 potions of heal wounds {unknown}
 m - a potion of brilliance {unknown}
 q - a potion of curing {unknown}
 r - a potion of degeneration {unknown}
 u - a potion of mutation {unknown}


   Skills:
 * Level 4.0 Fighting
 * Level 4.1 Maces & Flails
 * Level 0.6 Throwing
 + Level 2.4 Armour
 + Level 2.0 Dodging
 - Level 0.1 Stealth
 + Level 0.2 Evocations


You had 3 spell levels left.
You didn't know any spells.
Your spell library contained the following spells:

 Spells                   Type           Power      Damage    Failure   Level
 Summon Small Mammal      Summ           0%         N/A       97%         1
 Call Canine Familiar     Summ           0%         N/A       100%        3
 Summon Guardian Golem    Hex/Summ       0%         N/A       100%        3


Dungeon Overview and Level Annotations

Branches:
Dungeon (3/15)

Altars:

Annotations:
D:3 Natasha


Innate Abilities, Weirdness & Mutations

You are immune to sickness and miasma.
Your stone body is resilient. (AC +3)
You are immune to poison.
You resist negative energy. (rN+)
You are resistant to electric shocks. (rElec)
You are resistant to unholy torment.
You are immune to petrification.


Message History

Natasha is no longer blind.
Natasha stares at you and mumbles some strange words.
You feel as though you will be slow longer.
Natasha claws you but does no damage.
You miss Natasha.
Natasha casts a spell.
Natasha casts a spell at you.
The magic dart hits you but does no damage.
You closely miss Natasha. Natasha claws you.
The crimson imp blinks!
Natasha claws you.
You hit Natasha.
Natasha is moderately wounded.
The crimson imp hits you but does no damage.
Natasha hisses.
Natasha claws you but does no damage.
The crimson imp shouts, "Get thee gone, thou clouted boil-brained bloater!"
The crimson imp barely misses you. Natasha barely misses you.
You barely miss Natasha.
Natasha is moderately wounded.
The crimson imp hits you but does no damage.
Natasha casts a spell at you. The magic dart hits you!
The crimson imp barely misses you. Natasha claws you but does no damage.
You barely miss Natasha.
Natasha is moderately wounded.
The crimson imp barely misses you. Natasha claws you.
The crimson imp closely misses you.
You feel protected. Natasha claws you but does no damage.
The crimson imp barely misses you.
Natasha mumbles some strange words.
You thump Natasha!
Natasha is almost dead.
The crimson imp hits you. Natasha closely misses you.
The crimson imp shouts, "Escape, thou worthless motley-minded snake-molt!"
The crimson imp misses you. Natasha claws you.
* * * LOW HITPOINT WARNING * * *
You feel yourself speed up.
The crimson imp hits you but does no damage.
The crimson imp barely misses you. Natasha closely misses you.
The crimson imp hits you.
You die...

########...####.........####
#..## ##.......## # #.##
##.....## # #.. ##...## #
##. ##+## # #.# #.# #
#####.##### #.# #
#.(..(5.5.#####.## #
#(.@h........## #
#.###.#.#.....###### #.
...#.##..........
#.###.#.###.######## #.
#.#.# ### .. ....# ## #####


You could see Natasha and 2 crimson imps.

Vanquished Creatures
  An adder (D:2)
  3 dart slugs
  An orc (D:3)
  2 bats
  11 endoplasms
  5 giant cockroaches
  3 goblins
  6 hobgoblins
  3 quokkas
  10 ball pythons
  3 frilled lizards
  9 kobolds
  5 rats
  A spectral hobgoblin (D:1)
63 creatures vanquished.

Notes
Turn   | Place    | Note
-------+----------+-------------------------------------------
     0 | D:1      | tkbsonic5 the Gargoyle Berserker began the quest for the
                  | Orb.
     0 | D:1      | Reached XP level 1. HP: 14/14 MP: 1/1
   133 | D:1      | Reached XP level 2. HP: 18/19 MP: 2/2
   591 | D:1      | Reached XP level 3. HP: 21/24 MP: 3/3
   771 | D:1      | Reached ** piety under Trog
   801 | D:1      | Found a faded altar of an unknown god.
  1869 | D:2      | Reached XP level 4. HP: 26/29 MP: 4/4
  2812 | D:3      | Noticed Natasha
  2830 | D:3      | Slain by a crimson imp

Illustrated notes

Levels and vault maps discovered:
D:1:      amcnicky_arrival_double_pillar, layout_loops_corners,
          dreamdust_ecumenical_altar_drowned_temple
D:2:      layout_basic, kennysheep_generic_room_13
D:3:      layout_loops_corners, minmay_starry_boxes, uniq_natasha

Skill      XL: |  1  2  3  4 |
---------------+-------------+-----
Maces & Flails | 4 |  4.1
Fighting       | 4 |  4.0
Dodging        | 2 |  2.0
Throwing       | |  0.6
Armour         | |  2.4
Stealth        | |  0.1
Evocations     | |  0.2

Action                   |  1- 3 |  4- 6 || total
-------------------------+-------+-------++-------
Melee: Mace              |    83 |    60 ||   143
       Punch             |     2 |       ||     2
       Flail             |       |    10 ||    10
Throw: Stone             |     3 |       ||     3
       Dart              |       |     3 ||     3
  Use: Scroll            |     2 |     2 ||     4
       Potion            |       |     2 ||     2
Armor: Animal skin       |    14 |       ||    14
       Chain mail        |    22 |    50 ||    72
Dodge: Dodged            |    43 |    37 ||    80

Table legend: (Time is in decaauts)
 A = Elapsed time spent in this place.
 B = Non-inter-level travel time spent in this place.
 C = Inter-level travel time spent in this place.
 D = Time resting spent in this place.
 E = Time spent auto-exploring this place.
 F = Levels seen in this place.
 G = Mean time per level.
                   A        B        C        D        E       F      G
               +--------+--------+--------+--------+--------+-----+--------+
         Total |   2874 |   2810 |     64 |      0 |   2286 |   3 |  958.0 |
       Dungeon |   2874 |   2810 |     64 |      0 |   2286 |   3 |  958.0 |
               +--------+--------+--------+--------+--------+-----+--------+

Top non-repeatable levels by time:
     D:1: 1545 daAuts
     D:2: 824 daAuts
     D:3: 504 daAuts
